 Dungeon Crawl Stone Soup version 0.21-a0-8-gcf94df6 (webtiles) character file.

48092 Naow the Arsonist (level 14, -2/104 HPs)
             Began as an Octopode Fire Elementalist on May 22, 2017.
             Was a High Priest of Vehumet.
             Slain by a warg (17 damage)
             ... led by an orc warlord
             ... on level 2 of the Orcish Mines on May 23, 2017.
             The game lasted 01:10:39 (28482 turns).

Naow the Arsonist (Octopode Fire Elementalist)     Turns: 28482, Time: 01:10:40

Health: -2/104     AC:  3    Str:  8    XL:     14   Next: 44%
Magic:  18/36      EV: 16    Int: 24    God:    Vehumet [*****.]
Gold:   1817       SH:  0    Dex: 13    Spells: 3/32 levels left

rFire    x . .     SeeInvis +   m - +7 spear (venom)
rCold    + . .     Gourm    .   (no shield)
rNeg     . . .     Faith    .   o - +2 hat
rPois    +         Spirit   .   (no amulet)
rElec    .         Reflect  .   Y - ring of see invisible
rCorr    .         Harm     .   h - ring of poison resistance
MR       ++...                  w - ring of wizardry
Stlth    ++++......             G - ring of magical power
Regen    0.3/turn               U - ring of protection from magic
MPRegen  0.3/turn               X - ring of ice
                                F - +3 ring of intelligence
                                l - ring of stealth

@: no status effects
A: almost no armour, stealthy swim, amphibious, 8 rings, constrict 8, camouflage
1, gelatinous body 1
a: Renounce Religion


You were on level 2 of the Orcish Mines.
You worshipped Vehumet.
Vehumet was extremely pleased with you.
You were not hungry.

You visited 3 branches of the dungeon, and saw 20 of its levels.

You collected 1932 gold pieces.
You spent 115 gold pieces at shops.

Inventory:

Hand Weapons
 m - a +7 spear of venom (weapon)
 x - a +4 blowgun
Missiles
 v - 65 poisoned needles
Armour
 o - a +2 hat (worn)
Jewellery
 d - an uncursed ring of flight
 h - a ring of poison resistance (right tentacle)
 l - a ring of stealth (on tentacle)
 w - a ring of wizardry (on tentacle)
 y - the ring of the King {Wiz *Corrode rN+ Str+3}
   (You bought it in a shop on level 4 of the Dungeon)

   [ring of wizardry]

   It improves your spell success rate.
   It affects your strength (+3).
   It protects you from negative energy.
   It may corrode you when you take damage.
 F - a +3 ring of intelligence (on tentacle)
 G - a ring of magical power (on tentacle)
 U - a ring of protection from magic (on tentacle)
 X - a ring of ice (on tentacle)
 Y - a ring of see invisible (left tentacle)
Wands
 u - a wand of iceblast (0/15)
 D - a wand of digging (6/24)
 K - a wand of lightning (7/15)
 L - a wand of clouds (6/9)
 P - a wand of scattershot (3/9)
 S - a wand of acid (12/15)
Scrolls
 a - 2 scrolls of identify
 c - 5 scrolls of recharging
 e - a scroll of silence
 g - 4 scrolls of magic mapping
 j - 4 scrolls of fog
 n - 11 scrolls of remove curse
 t - 4 scrolls of enchant armour
 z - 5 scrolls of teleportation
 H - 4 scrolls of amnesia
 T - a scroll of blinking
 W - 2 scrolls of fear
Potions
 i - 3 potions of agility
 k - 3 potions of haste
 r - 8 potions of curing
 s - 2 potions of cancellation
 B - 2 potions of heal wounds
 C - 4 potions of brilliance
 E - a potion of might
 I - a potion of resistance
 J - 3 potions of lignification
 N - 2 potions of mutation
 Q - 4 potions of flight
 R - 4 potions of invisibility
Books
 M - a book of Minor Magic

   Spells                             Type                      Level
   a - Magic Dart                     Conjuration                  1
   b - Blink                          Translocation                2
   c - Call Imp                       Summoning                    2
   d - Slow                           Hexes                        2
   e - Conjure Flame                  Conjuration/Fire             3
   f - Mephitic Cloud                 Conjuration/Poison/Air       3
 V - a book of Air

   Spells                             Type                      Level
   a - Shock                          Conjuration/Air              1
   b - Swiftness                      Charms/Air                   2
   c - Static Discharge               Conjuration/Air              3
   d - Airstrike                      Air                          4
   e - Lightning Bolt                 Conjuration/Air              5
Comestibles
 b - 6 bread rations
 f - 8 royal jellies
 p - 9 fruits
 A - 5 meat rations


   Skills:
 * Level 12.4 Fighting
 - Level 6.1 Polearms
 + Level 6.6 Dodging
 - Level 2.6 Stealth
 - Level 9.7 Spellcasting
 - Level 10.0 Conjurations
 + Level 13.6 Fire Magic


You had 3 spell levels left.
You knew the following spells:

 Your Spells              Type           Power        Failure   Level  Hunger
a - Flame Tongue          Conj/Fire      #####        1%          1    None
b - Throw Flame           Conj/Fire      ######       1%          2    None
c - Conjure Flame         Conj/Fire      ######..     1%          3    None
d - Sticky Flame          Conj/Fire      ######..     1%          4    #......
e - Fireball              Conj/Fire      ######....   1%          5    ####...
f - Mephitic Cloud        Conj/Pois/Air  ####....     1%          3    None
g - Blink                 Tloc           N/A          3%          2    None
h - Stone Arrow           Conj/Erth      #####.       1%          3    None
i - Bolt of Fire          Conj/Fire      ######....   1%          6    ######.


Dungeon Overview and Level Annotations

Branches:
Dungeon (12/15)            Temple (0/1) D:5            Lair (6/6) D:10
 Shoals (0/4) Lair:3       Spider (0/4) Lair:4          Orc (2/2) D:9
    Elf (0/3) Orc:2
  Slime: Lair:5-6

Altars:
Ashenzari
Dithmenos
Hepliaklqana
Nemelex Xobeh
Trog
Uskayaw
Vehumet
Wu Jian
Beogh

Shops:
D:4 *   D:12 =   Orc:2 (:=

Annotations:
D:2 1 transporter
D:3 exclusion: Terence
D:12 Rupert


Innate Abilities, Weirdness & Mutations

You cannot wear most types of armour.
You are very stealthy in the water. (Stealth+)
You are amphibious.
You can wear up to eight rings at the same time.
You can use your tentacles to constrict eight enemies at once.
Your skin changes colour to match your surroundings (Stealth+).
Your rubbery body absorbs attacks. (AC +1, EV +1)


Message History

Casting: Fireball
Confirm with . or Enter, or press ? or * to list all spells.
You blink.
A warg comes into view.
The warg howls!
You hear a shout! x3
The orc warlord unwields an uncursed arbalest.
The orc warlord wields an uncursed long sword of freezing.
It glows with a cold blue light!
The orc warlord closely misses you. The warg bites you but does no damage.
Casting: Blink
Confirm with . or Enter, or press ? or * to list all spells.
You blink. 2 orcs come into view.
The orc throws a tomahawk.
The tomahawk misses you.
You see here a club.
Things that are here:
a flail; a plate armour; a mace
There is a stone staircase leading up here.
The warg bites you!
You die...

#####.............##...##.#
............(......#####..#
#####.......#oo...).......#
.# ##.#...o#.#...........#
######.#.#.#)..)......#...#
.#.##.....>.....)......#..#
...............[......##...#
...#............h[..#.###..#
.............).)@......##...#
.....#.#.........[......##.##
.....##...###....#.....## ##
##...##...'∩#....[..####
##.......###...[....##
##.##..#.#....#.....#
#######.......[...##
#....#......##
#.....##.......#


You could see an orc warlord, a warg and 2 orcs.

Vanquished Creatures
  An ettin (Orc:2)
  7 hydras
  3 two-headed ogres
  A death yak (Lair:4)
  An unseen horror (D:10)
  2 oklob plants (Lair:5)
  12 elephants
  6 black mambas
  An eye of devastation (Lair:6)
  A merfolk siren (Lair:3)
  12 spiny frogs
  6 rime drakes
  A torpor snail (Lair:5)
  8 komodo dragons
  2 trolls
  5 polar bears
  4 hornets
  10 hippogriffs
  14 blink frogs
  A shadow (D:12)
  5 wyverns
  A vampire (D:9)
  5 redbacks
  Eustachio (D:5)
  12 yaks
  3 basilisks
  3 hungry ghosts (D:9)
  Menkaure (D:5)
  2 acid dragons (Lair:6)
  18 water moccasins
  2 soldier ants (D:11)
  11 porcupines
  A necrophage (D:6)
  2 sky beasts
  3 swamp drakes (Lair:6)
  4 ice beasts
  An eye of draining (Lair:6)
  10 ogres
  16 orc warriors
  4 phantoms
  A centaur (D:5)
  9 crocodiles
  8 wolves (Lair:2)
  3 big kobolds
  A gnoll sergeant (D:5)
  24 bullfrogs
  A water moccasin zombie (D:7)
  5 scorpions
  A water moccasin skeleton (D:9)
  A troll zombie (D:9)
  6 killer bees
  2 howler monkeys
  2 crimson imps
  2 bullfrog zombies (D:12)
  A quasit (D:10)
  A gnoll shaman (Orc:1)
  6 jellies
  7 hounds
  Crazy Yiuf (D:3)
  25 orc priests
  A centaur skeleton (D:4)
  3 bullfrog skeletons
  Jessica (D:2)
  6 iguanas
  15 orc wizards
  11 worker ants
  Terence (D:3)
  2 killer bee zombies (D:8)
  5 ogre zombies (D:9)
  A hound zombie (D:5)
  2 hound skeletons
  A howler monkey zombie (D:8)
  5 gnolls (Orc:1)
  13 adders
  A shadow imp (D:10)
  An ooze (D:3)
  3 adder skeletons
  4 worms
  4 dart slugs (D:1)
  5 leopard geckos
  55 orcs
  4 bats
  4 giant cockroaches
  14 goblins
  3 hobgoblins
  5 jackals
  19 kobolds
  4 quokkas
  5 frilled lizards
  2 goblin zombies (D:9)
  2 hobgoblin zombies (D:9)
  A leopard gecko skeleton (D:7)
  2 orc skeletons (D:9)
  13 orc zombies (D:9)
  A quokka skeleton (D:5)
  9 rats
  2 plants
540 creatures vanquished.

Vanquished Creatures (others)
  10 fungi
  16 plants
26 creatures vanquished.

Grand Total: 566 creatures vanquished

Notes
Turn   | Place    | Note
-------+----------+-------------------------------------------
     0 | D:1      | Naow the Octopode Fire Elementalist began the quest for the Orb.
     0 | D:1      | Reached XP level 1. HP: 11/11 MP: 3/3
   181 | D:1      | Reached XP level 2. HP: 17/17 MP: 0/5
   693 | D:1      | Reached XP level 3. HP: 21/21 MP: 1/6
  1030 | D:2      | Found a faded altar of an unknown god.
  1180 | D:2      | Learned a level 2 spell: Throw Flame
  1184 | D:2      | Learned a level 3 spell: Conjure Flame
  1230 | D:2      | Noticed an orc warrior
  1231 | D:2      | Found a bloodstained altar of Trog.
  1259 | D:2      | Reached XP level 4. HP: 27/27 MP: 4/8
  1405 | D:2      | Noticed Jessica
  1414 | D:2      | Killed Jessica
  1918 | D:3      | Found a radiant altar of Vehumet.
  1928 | D:3      | Became a worshipper of Vehumet
  2025 | D:3      | Noticed Terence
  2304 | D:3      | Killed Terence
  2304 | D:3      | Reached skill level 4 in Fire Magic
  2304 | D:3      | Reached XP level 5. HP: 31/31 MP: 1/9
  3003 | D:3      | Found a runed door.
  3009 | D:3      | Learned a level 4 spell: Sticky Flame
  3032 | D:3      | Noticed Crazy Yiuf
  3041 | D:3      | Killed Crazy Yiuf
  3424 | D:4      | Reached XP level 6. HP: 33/36 MP: 7/11
  3619 | D:4      | Found a shattered altar of Ashenzari.
  3645 | D:4      | Found Nirit's Assorted Antiques.
  3646 | D:4      | Noticed a hippogriff
  3666 | D:4      | Killed a hippogriff
  3666 | D:4      | Reached skill level 5 in Fire Magic
  3666 | D:4      | Reached XP level 7. HP: 13/41 MP: 0/13
  4054 | D:4      | Bought a steaming marble ring for 115 gold pieces
  4054 | D:4      | Identified the ring of the King {Wiz *Corrode rN+ Str+3} (You bought it in a shop on level 4 of the Dungeon)
  4211 | D:4      | Reached * piety under Vehumet
  4211 | D:4      | Offered knowledge of Freeze by Vehumet.
  4742 | D:5      | Entered Level 5 of the Dungeon
  4744 | D:5      | Noticed Menkaure
  4860 | D:5      | Killed Menkaure
  4926 | D:5      | Reached skill level 5 in Spellcasting
  4926 | D:5      | Reached skill level 5 in Conjurations
  4926 | D:5      | Reached XP level 8. HP: 46/46 MP: 10/15
  5075 | D:5      | Reached skill level 6 in Fire Magic
  5538 | D:5      | Found a staircase to the Ecumenical Temple.
  5608 | D:5      | Noticed Eustachio
  5710 | D:5      | Killed Eustachio
  5961 | D:5      | Reached skill level 7 in Fire Magic
  6147 | D:5      | Learned a level 5 spell: Fireball
  6390 | D:5      | Reached XP level 9. HP: 39/51 MP: 18/18
  6978 | D:6      | Found a hazy altar of Hepliaklqana.
  7481 | D:7      | Reached ** piety under Vehumet
  7481 | D:7      | Offered knowledge of Sting by Vehumet.
  7485 | D:7      | Got a scorched war axe
  7486 | D:7      | Identified the +4 war axe "Levaakk" {holy, Str+8} (You found it on level 7 of the Dungeon)
  7608 | D:7      | Found a shattered altar of Ashenzari.
  8420 | D:7      | Reached skill level 8 in Fire Magic
  8647 | D:7      | Found a sparkling altar of Nemelex Xobeh.
  8647 | D:7      | Found a shadowy altar of Dithmenos.
  8976 | D:8      | Found a hazy altar of Hepliaklqana.
  9442 | D:8      | Found an ornate altar of the Wu Jian Council.
  9445 | D:8      | Offered knowledge of Ignite Poison by Vehumet.
  9780 | D:9      | Reached XP level 10. HP: 56/56 MP: 19/21
 10008 | D:9      | Reached *** piety under Vehumet
 10112 | D:9      | Found a staircase to the Orcish Mines.
 10115 | D:9      | Reached skill level 9 in Fire Magic
 10210 | D:9      | Offered knowledge of Stone Arrow by Vehumet.
 10276 | D:9      | Noticed a two-headed ogre
 10282 | D:9      | Killed a two-headed ogre
 10636 | D:9      | Learned a level 3 spell: Mephitic Cloud
 10639 | D:9      | Learned a level 2 spell: Blink
 10643 | D:9      | Learned a level 3 spell: Stone Arrow
 11791 | D:9      | Noticed a two-headed ogre
 11807 | D:9      | Killed a two-headed ogre
 11852 | D:10     | Entered Level 10 of the Dungeon
 11852 | D:10     | Found a hide-covered altar of Uskayaw.
 11874 | D:10     | Reached **** piety under Vehumet
 11883 | D:10     | Reached skill level 10 in Fire Magic
 12093 | D:10     | Reached XP level 11. HP: 61/61 MP: 24/24
 12139 | D:10     | Noticed an unseen horror
 12144 | D:10     | Killed an unseen horror
 12176 | D:10     | Offered knowledge of Bolt of Magma by Vehumet.
 12414 | D:10     | Noticed a two-headed ogre
 12424 | D:10     | Killed a two-headed ogre
 12684 | D:10     | Found a staircase to the Lair.
 13849 | D:11     | Reached skill level 10 in Conjurations
 14452 | D:12     | Noticed Rupert
 14546 | D:12     | Found Wovoan's Jewellery Shop.
 14859 | D:12     | Reached skill level 1 in Fighting
 14859 | D:12     | Reached skill level 1 in Polearms
 15314 | Lair:1   | Entered Level 1 of the Lair of Beasts
 15862 | Lair:1   | Reached ***** piety under Vehumet
 16301 | Lair:2   | Noticed a six-headed hydra
 16569 | Lair:1   | Offered knowledge of Bolt of Fire by Vehumet.
 16840 | Lair:2   | Killed a six-headed hydra
 17000 | Lair:2   | Reached XP level 12. HP: 63/76 MP: 19/25
 17092 | Lair:2   | Learned a level 6 spell: Bolt of Fire
 17117 | Lair:2   | Reached skill level 5 in Fighting
 17117 | Lair:2   | Reached skill level 5 in Polearms
 17932 | Lair:2   | Noticed a four-headed hydra
 17936 | Lair:2   | Killed a four-headed hydra
 18297 | Lair:3   | Reached skill level 11 in Fire Magic
 18802 | Lair:3   | Noticed a six-headed hydra
 18806 | Lair:3   | Killed a six-headed hydra
 18918 | Lair:3   | Found a staircase to the Shoals.
 19258 | Lair:4   | Found a hole to the Spider Nest.
 19537 | Lair:4   | Reached skill level 12 in Fire Magic
 19760 | Lair:4   | Upgraded the game from 0.21-a0-2-ge494091 to 0.21-a0-8-gcf94df6
 20080 | Lair:4   | Noticed a death yak
 20197 | Lair:4   | Killed a death yak
 20197 | Lair:4   | Reached XP level 13. HP: 42/90 MP: 16/26
 21305 | Lair:4   | Reached skill level 10 in Fighting
 22386 | Lair:5   | Offered knowledge of Poison Arrow by Vehumet.
 23246 | Lair:5   | Reached skill level 13 in Fire Magic
 23630 | Lair:6   | Entered Level 6 of the Lair of Beasts
 23655 | Lair:5   | Reached skill level 5 in Dodging
 24365 | Lair:6   | Paralysed by a hornet for 2 turns
 24368 | Lair:5   | Reached XP level 14. HP: 40/101 MP: 27/27
 26224 | Orc:1    | Entered Level 1 of the Orcish Mines
 26256 | Orc:1    | Offered knowledge of Spellforged Servitor by Vehumet.
 26497 | Orc:2    | Entered Level 2 of the Orcish Mines
 26497 | Orc:2    | Found Zuits's Jewellery Emporium.
 26497 | Orc:2    | Found a staircase to the Elven Halls.
 26849 | Orc:2    | Found a roughly hewn altar of Beogh.
 26906 | Orc:2    | Found Reycwu's Book Shoppe.
 27140 | Orc:2    | Found a roughly hewn altar of Beogh.
 27319 | Orc:2    | Found a roughly hewn altar of Beogh.
 27319 | Orc:2    | Found Nupsiss's Weapon Boutique.
 27785 | Orc:2    | Found a roughly hewn altar of Beogh.
 27837 | Orc:2    | Found a roughly hewn altar of Beogh.
 28459 | Orc:2    | Found a roughly hewn altar of Beogh.
 28465 | Orc:2    | Noticed an orc warlord
 28482 | Orc:2    | Slain by a warg

Vault maps used:
D:1:      dpeg_arrival_round_a, minmay_pentomino_r4
D:2:      gammafunk_temple_overflow_arena, chequers_ecumenical_altar_simple,
          uniq_jessica
D:3:      vehumet_crystals, uniq_terence, uniq_crazy_yiuf_cottage
D:4:      serial_shops, nicolae_shop_competitors_out_of_business, first_bread,
          hangedman_glass_teeth, evilmike_ruin_ashenzari
D:5:      minmay_temple_entry_statues_pillars, uniq_eustachio, uniq_menkaure
D:6:      basic_altar
D:7:      kennysheep_mini, gammafunk_temple_overflow_elements
D:8:      kennysheep_little_box, nicolae_overflow_crystal_walls
D:9:      zombieorc1_lemuel
D:10:     lair_entry_dummy, enter_bailey_3, basic_altar
D:11:     hangedman_pestilent_swarm, hex_tiny
D:12:     serial_shops, shop, minmay_misc_feat_plants, spider_trap, uniq_rupert
Lair:1:   grunt_megastairs_1
Lair:2:   zaba_anthole, beast_lair_carwin_8, grunt_megastairs_5
Lair:3:   minmay_shoals_entry_lonely_mermaid
Lair:4:   spider_nest_entry_webs, beast_lair_carwin_7
Lair:5:   dpeg_oklob_1
Lair:6:   hangedman_lair_tendril_chambers, guppyfry_lair_end_dragon,
          minmay_slime_entry_eyes
Orc:1:    cheibrodos_orc_arena
Orc:2:    grunt_orc_community_town_hall, grunt_orc_community_big_house_2,
          grunt_orc_community_big_house_1, grunt_orc_community_house_3,
          grunt_orc_community_house_3, grunt_orc_community_house_1,
          grunt_orc_community_house_3, grunt_orc_community_house_3,
          serial_shops, nicolae_shop_window_shopping

Skill      XL: |  1  2  3  4  5  6  7  8  9 10 11 12 13 14 |
---------------+-------------------------------------------+-----
Conjurations   | 2 3 4 5 6 7 9 10 | 10.0
Spellcasting   | 3 4 5 6 7 9 |  9.7
Fire Magic     | 4 5 7 8 10 12 13 | 13.6
Fighting       | 4 9 11 12 | 12.4
Polearms       | 4 6 |  6.1
Dodging        | 5 6 |  6.6
Stealth        | |  2.6

Action                   |  1- 3 |  4- 6 |  7- 9 | 10-12 | 13-15 || total
-------------------------+-------+-------+-------+-------+-------++-------
Melee: Unarmed           |     9 |       |       |       |       ||     9
       Constrict         |     4 |     5 |    12 |     4 |     9 ||    34
       Tentacles         |     2 |     4 |     5 |     3 |     9 ||    23
       Spear             |    16 |    76 |    83 |    48 |    73 ||   296
       War axe           |       |       |     2 |       |       ||     2
 Cast: Flame Tongue      |    32 |    48 |   184 |   425 |   333 ||  1022
       Conjure Flame     |     1 |     9 |    12 |    22 |     1 ||    45
       Throw Flame       |       |     1 |    22 |    80 |    89 ||   192
       Sticky Flame      |       |     2 |     5 |    50 |    88 ||   145
       Fireball          |       |       |     5 |    56 |    95 ||   156
       Blink             |       |       |       |     3 |     7 ||    10
       Mephitic Cloud    |       |       |       |     1 |     1 ||     2
       Stone Arrow       |       |       |       |       |     7 ||     7
Evoke: Wand              |       |       |     1 |       |       ||     1
  Use: Scroll            |       |       |       |    23 |     9 ||    32
       Potion            |       |       |       |     1 |     1 ||     2
 Stab: Sleeping          |     4 |     3 |     2 |       |       ||     9
  Eat: Chunk             |     1 |     4 |    19 |    36 |    37 ||    97
       Meat ration       |       |     1 |       |       |       ||     1
       Royal jelly       |       |       |     1 |     3 |     3 ||     7
       Fruit             |       |       |       |       |     1 ||     1
Armor: Skin              |     2 |     1 |     4 |     3 |    11 ||    21
Dodge: Dodged            |    23 |    23 |    61 |    76 |   117 ||   300
